 Dungeon Crawl Stone Soup version 0.30-a0-575-g6f4a10e2d2 (webtiles) character file.

Game seed: 17721193135516060935

21 M4edhros the Charlatan (level 2, 0/18 HPs)
             Began as an Octopode Artificer on Dec 30, 2022.
             Slain by a goblin
             ... wielding a +0 club
              (4 damage)
             ... on level 4 of the Dungeon.
             The game lasted 00:01:03 (198 turns).

M4edhros the Charlatan (Octopode Artificer)          Turns: 198, Time: 00:01:04

Health: 0/18       AC:  1    Str: 11    XL:     2   Next: 83%
Magic:  2/2        EV: 13    Int: 13    God:
Gold:   37         SH:  0    Dex: 12    Spells: 1/1 levels left

rFire   . . .      SeeInvis .      - Unarmed
rCold   . . .      Faith    .    (no shield)
rNeg    . . .      Spirit   .    (helmet restricted)
rPois   .          Reflect  .    (no amulet)
rElec   .          Harm     .    (no ring)
rCorr   .          Rampage  .    (no ring)
Will    .....                    (no ring)
Stlth   +++                      (no ring)
HPRegen 0.23/turn                (no ring)
MPRegen 0.08/turn                (no ring)
                                 (no ring)
                                 (no ring)

@: mighty
A: almost no armour, amphibious, 8 rings, camouflage 1, gelatinous body 1,
(nimble swimmer 1), tentacles
a: no special abilities


You were on level 4 of the Dungeon.
You visited 1 branch of the dungeon, and saw 4 of its levels.

You collected 37 gold pieces.

Inventory:

Missiles
 a - 5 boomerangs
Wands
 b - a wand of flame (14) (quivered)
 c - a wand of charming (13)
 d - a wand of iceblast (4)
Potions
 e - a potion of cancellation


   Skills:
 + Level 1.2 Fighting
 + Level 2.5 Dodging
 + Level 2.1 Stealth
 * Level 1.2 Unarmed Combat
 + Level 3.4 Evocations


You had one spell level left.
You didn't know any spells.
Your spell library was empty.

Dungeon Overview and Level Annotations

Branches:
Dungeon (4/15)
 Temple: D:4-7

Altars:
Qazlal
Sif Muna
Vehumet
Xom

Annotations:
D:4 Pikel


Innate Abilities, Weirdness & Mutations

You cannot wear most types of armour.
You are amphibious.
You can wear up to eight rings at the same time.
Your skin changes colour to match your surroundings (Stealth+).
Your rubbery body absorbs attacks. (AC +1, EV +1)
((You are camouflaged when in or above water. (Stealth+)))
You have tentacles for arms and can constrict up to eight enemies at once.


Message History

The orc hits you with a +2 short sword of freezing.
The orc freezes you.
You completely miss the orc.
The orc is moderately wounded.
You constrict the orc.
The orc shouts!
You hear a shout! x2
An orc wizard comes into view. It is wielding a +0 dagger.
The orc closely misses you.
The orc wizard shouts!
You tentacle-slap the orc.
The orc is almost dead.
You constrict the orc.
You kill the orc!
An orc comes into view. It is wielding a +0 dagger.
Aiming: Iceblast
Press: ? - help, Shift-Dir - straight line, f - orc wizard
Aim: an orc wizard, wielding a +0 dagger and wearing a +0 robe The mass of ice explodes!
The iceblast engulfs the orc wizard!
The orc wizard is almost dead.
The iceblast engulfs the orc!!
You kill the orc!
The orc wizard casts a spell at you.
You are confused.
An orc comes into view. It is wielding a +0 club.
It was a potion of might.
You feel very mighty all of a sudden.
The orc wizard mumbles some strange words.
The orc wizard flickers and vanishes!
Deactivating autopickup; reactivate with Ctrl-A.
You bump into the rock wall.
A puff of flame appears from out of thin air!
The puff of flame hits you!
Ouch! That really hurt!
* * * LOW HITPOINT WARNING * * *
The goblin barely misses you.
You miss the goblin.
You feel less confused.
Something tries to affect you, but you resist.
The goblin hits you with a +0 club.
You die...

###..###
#..#
#⌠...[_#
#..#
##.#..##
#..## ######
#...# ##..#
##..#######
#..........
#..g######.
#.@.#
#...####
#......#
#.#.#o..#
#.#.{o.....#
#.###.......
.. .......
.. o..$.[.
.......


You could see 2 orcs and a goblin.

Vanquished Creatures
  An adder (D:4)
  3 orcs (D:4)
  2 endoplasms
  A goblin (D:4)
  2 kobolds (D:4)
9 creatures vanquished.

Vanquished Creatures (others)
  A lemure (D:4)
1 creature vanquished.

Grand Total: 10 creatures vanquished

Notes
Turn   | Place    | Note
-------+----------+-------------------------------------------
     0 | D:1      | M4edhros the Octopode Artificer began the quest for the
                  | Orb.
     0 | D:1      | Reached XP level 1. HP: 13/13 MP: 1/1
    59 | D:4      | Reached XP level 2. HP: 9/18 MP: 2/2
    60 | D:4      | Found a shimmering altar of Xom.
    60 | D:4      | Noticed a lemure
    60 | D:4      | Noticed a lemure
    60 | D:4      | Noticed a lemure
    61 | D:4      | Found a radiant altar of Vehumet.
    61 | D:4      | Noticed Pikel
    61 | D:4      | Noticed a lemure
   118 | D:4      | Reached skill level 1 in Unarmed Combat
   131 | D:4      | Found a stormy altar of Qazlal.
   148 | D:4      | Found a shimmering blue altar of Sif Muna.
   198 | D:4      | Slain by a goblin

Illustrated notes

Levels and vault maps discovered:
D:1:      dpeg_arrival_water_fire, layout_basic, serial_bayou_lagoon_a
D:2:      layout_loops_cross, dreamdust_ecumenical_altar_sealed_demon,
          serial_shops, nicolae_shop_trees, minmay_misc_feat_room, uniq_terence,
          uniq_natasha
D:3:      kennysheep_the_goblin_king, layout_basic, nicolae_uskayaw_dance_hall,
          ebering_ghost_reflecting_pool, uniq_crazy_yiuf_cottage
D:4:      layout_loops_ring, mainiacjoe_overflow_divided_tiny, minitemple,
          nicolae_ru_sacrificial_ziggurat, reono_crystal_passage, uniq_pikel

Skill      XL: |  1  2 |
---------------+-------+-----
Unarmed Combat | 1 |  1.2
Stealth        | 2 |  2.1
Fighting       | |  1.2
Dodging        | |  2.5
Evocations     | |  3.4

Action                   || total
-------------------------++-------
Melee: Unarmed           ||    26
       Tentacles         ||     6
       Constrict         ||     5
Evoke: Wand              ||     4
  Use: Potion            ||     2
Armor: Skin              ||     1
Dodge: Dodged            ||    15

Table legend: (Time is in decaauts)
 A = Elapsed time spent in this place.
 B = Non-inter-level travel time spent in this place.
 C = Inter-level travel time spent in this place.
 D = Time resting spent in this place.
 E = Time spent auto-exploring this place.
 F = Levels seen in this place.
 G = Mean time per level.
                   A        B        C        D        E       F      G
               +--------+--------+--------+--------+--------+-----+--------+
         Total |    197 |    178 |     19 |      0 |     23 |   4 |   49.2 |
       Dungeon |    197 |    178 |     19 |      0 |     23 |   4 |   49.2 |
               +--------+--------+--------+--------+--------+-----+--------+

Top non-repeatable levels by time:
     D:4: 149 daAuts
     D:3: 22 daAuts
     D:2: 13 daAuts
     D:1: 11 daAuts
